 Dungeon Crawl Stone Soup version 0.31-a0-1-g4198be8af4 (webtiles) character file.

Game seed: 16029010417713333506

45 cheesebisquit the Grave Robber (level 3, -2/26 HPs)
             Began as a Ghoul Necromancer on Apr 30, 2023.
             Slain by an ogre
             ... wielding a +0 giant spiked club
              (28 damage)
             ... on level 2 of the Dungeon.
             The game lasted 00:07:54 (2805 turns).

cheesebisquit the Grave Robber (Ghoul Necromancer)  Turns: 2805, Time: 00:07:55

Health: -2/26      AC:  5    Str: 11    XL:     3   Next: 64%
Magic:  0/4        EV: 12    Int: 12    God:
Gold:   86         SH:  0    Dex:  9    Spells: 4/5 levels left

rFire   . . .        (no weapon)
rCold   + . .        (no shield)
rNeg    + + +        a - +0 robe
rPois   ∞            f - +2 helmet
rElec   .            (no cloak)
rCorr   .            (no gloves)
SInv    +            (no boots)
Will    .....        (no amulet)
Stlth   ++           d - ring of see invisible
HPRegen 0.00/turn    (no ring)
MPRegen 0.09/turn

%: no passive effects
@: very slightly contaminated, inhibited regen
A: claws 1, cold resistance 1, negative energy resistance 3, inhibited
regeneration, torment resistance 2, devour on kill
a: no special abilities


You were on level 2 of the Dungeon.
You visited 1 branch of the dungeon, and saw 2 of its levels.

You collected 86 gold pieces.

Inventory:

Armour
 a - a +0 robe (worn)
 f - a +2 helmet (worn)
Jewellery
 d - a ring of see invisible (left claw)
Scrolls
 c - 2 scrolls of identify {unknown}
 e - 2 scrolls of enchant armour {unknown}
 g - a scroll of amnesia {unknown}
 j - a scroll of vulnerability {unknown}
 k - a scroll of fear {unknown}
Potions
 h - a potion of cancellation {unknown}
 i - a potion of curing {unknown}


   Skills:
 - Level 1.7 Dodging
 - Level 2.1 Stealth
 - Level 1.7 Spellcasting
 + Level 5.2 Necromancy


You had 4 spell levels left.
You knew the following spells:

 Your Spells              Type           Power      Damage    Failure   Level
a - Necrotise             Necr           52%        1d6       3%          1

Your spell library contained the following spells:

 Spells                   Type           Power      Damage    Failure   Level
 Vampiric Draining        Necr           13%        2d6       10%         3
 Animate Dead             Necr           13%        N/A       32%         4
 Agony                    Necr           13%        N/A       65%         5


Dungeon Overview and Level Annotations

Branches:
Dungeon (2/15)

Altars:

Annotations:
D:1 exclusion: 2 downstairs
D:2 exclusion: 2 ogres


Innate Abilities, Weirdness & Mutations

You are immune to poison.
You have sharp fingernails.
Your flesh is cold resistant. (rC+)
You are immune to negative energy. (rN+++)
You do not regenerate when monsters are visible.
You are immune to unholy pain and torment.
You thrive by killing the living.


Message History

The worm bites you!
You scratch the worm.
The worm is almost dead.
You scratch the worm.
The worm is almost dead.
The worm bites you!
You are too injured to fight recklessly!
You scratch the worm.
You kill the worm!
You feel better.
HP restored.
A bat is nearby!
The bat writhes in agony.
The bat writhes in agony.
The bat hits you but does no damage.
The bat writhes in agony.
You kill the bat!
The dead are flying!
Your bat skeleton crumbles into dust!
An ogre is nearby!
You have nothing you can fire or use right now.
Aiming: Necrotise (safe; 3% risk of failure)
Press: ? - help, Q - select action Shift-Dir - straight line, f - you
Okay, then.
The ogre shouts!
There is a stone staircase leading up here.
The ogre struggles to resist.
The ogre writhes in agony.
The ogre writhes in agony.
Okay, then.
The ogre struggles to resist.
Magic courses through your body. The ogre barely misses you.
You miscast Necrotise.
You are very lightly contaminated with residual magic.
Nothing appears to happen.
The ogre completely misses you.
The ogre writhes in agony.
The ogre writhes in agony.
The ogre barely misses you.
The ogre writhes in agony.
The ogre hits you with a +0 giant spiked club!!
Ouch! That really hurt!
You die...

######### #@O.....#
#######.#
..##.########.#######
....>..O............####
.###..######...........#
.........##........##.#
.####. #...........##.#
#. #..#........##.#
####.###..#........##..


You could see an ogre.

Vanquished Creatures
  2 worms (D:2)
  2 ball pythons (D:1)
  3 endoplasms
  3 giant cockroaches
  5 goblins (D:1)
  4 hobgoblins (D:2)
  3 kobolds
  5 quokkas
  3 bats
  A frilled lizard (D:1)
31 creatures vanquished.

Vanquished Creatures (collateral kills)
  An endoplasm (D:2)
1 creature vanquished.

Grand Total: 32 creatures vanquished

Notes
Turn   | Place    | Note
-------+----------+-------------------------------------------
     0 | D:1      | cheesebisquit the Ghoul Necromancer began the quest for the
                  | Orb.
     0 | D:1      | Reached XP level 1. HP: 14/14 MP: 2/2
   240 | D:1      | Reached XP level 2. HP: 20/20 MP: 1/3
  1380 | D:2      | Reached XP level 3. HP: 26/26 MP: 0/4
  1579 | D:2      | Reached skill level 5 in Necromancy
  1910 | D:2      | Noticed an ogre
  2805 | D:2      | Slain by an ogre

Illustrated notes

Levels and vault maps discovered:
D:1:      scummos_arrival_hexagon, layout_loops_ring, roderic_lattice_a
D:2:      layout_basic, grunt_decor_fettered

Skill      XL: |  1  2  3 |
---------------+----------+-----
Necromancy     | 5 |  5.2
Dodging        | |  1.7
Stealth        | |  2.1
Spellcasting   | |  1.7

Action                     || total
---------------------------++-------
  Melee: Unarmed           ||    39
         Punch             ||     1
   Cast: Necrotise         ||    80
    Use: Potion            ||     1
 Armour: Robe              ||    15
  Dodge: Dodged            ||    40

Table legend: (Time is in decaauts)
 A = Elapsed time spent in this place.
 B = Non-inter-level travel time spent in this place.
 C = Inter-level travel time spent in this place.
 D = Time resting spent in this place.
 E = Time spent auto-exploring this place.
 F = Levels seen in this place.
 G = Mean time per level.
                   A        B        C        D        E       F      G
               +--------+--------+--------+--------+--------+-----+--------+
         Total |   2808 |   2554 |    254 |    100 |   2083 |   2 | 1404.0 |
       Dungeon |   2808 |   2554 |    254 |    100 |   2083 |   2 | 1404.0 |
               +--------+--------+--------+--------+--------+-----+--------+

Top non-repeatable levels by time:
     D:1: 1572 daAuts
     D:2: 1235 daAuts
